 Dungeon Crawl Stone Soup version 0.31-a0-1529-g7bd419a0e5 (console) character file.

Game seed: 10027972923122196095

1518 petzl the Sneak (level 9, -3/57 (69) HPs)
             Began as a Formicid Delver on Dec 31, 2023.
             Was a Believer of Vehumet.
             Slain by Jeremiah
             ... wielding a +3 trident of draining
              (8 damage)
             ... on level 6 of the Dungeon.
             The game lasted 00:20:42 (6254 turns).

petzl the Sneak (Formicid Delver)                   Turns: 6254, Time: 00:20:42

HP:   -3/57 (69)    AC: 10    Str: 23    XL:     9   Next: 9%
MP:   15/15         EV: 13    Int:  9    God:    Vehumet [**....]
Gold: 308           SH:  0    Dex: 21    Spells: 13/16 levels left

rFire   . . .        c - +1 dagger (protect) {!f =f}
rCold   . . .        (no shield)
rNeg    . . .        u - +4 ring mail "Vamurch" {rPois Will+ Int-5 Dex+6}
rPois   +            (helmet unavailable)
rElec   .            (no cloak)
rCorr   .            (no gloves)
SInv    +            n - +0 pair of boots
Will    +....        (no amulet)
Stlth   +++          r - +6 ring of strength
HPRegen 0.29/turn    B - +4 ring of slaying
MPRegen 0.14/turn

%: no passive effects
@: heavily drained
A: permanent stasis, dig shafts and tunnels, antennae 3, four strong arms
a: Dig, Shaft Self, Renounce Religion


You were on level 6 of the Dungeon.
You worshipped Vehumet.
Vehumet was pleased with you.
You visited 2 branches of the dungeon, and saw 9 of its levels.

You collected 308 gold pieces.

Inventory:

Hand Weapons
 a - a +1 whip of venom
 b - a +0 orcbow
 c - a +1 dagger of protection (weapon) {!f =f}
 g - a +0 quarterstaff
 w - a +1 heavy hand axe {!f =f}
 D - a +3 war axe of venom {!f =f}
Missiles
 k - 2 poisoned darts
 x - 11 javelins
Armour
 j - a +1 ring mail of willpower
 n - a +0 pair of boots (worn)
 u - the +4 ring mail "Vamurch" (worn) {rPois Will+ Int-5 Dex+6}
   (You found it on level 2 of the Dungeon)

   Int-5:     It affects your intelligence (-5).
   Dex+6:     It affects your dexterity (+6).
   rPois:     It protects you from poison Will+: It increases your willpower.
Jewellery
 r - a +6 ring of strength (left hand)
 B - a +4 ring of slaying (right hand)
Wands
 f - a wand of digging (2)
 o - a wand of polymorph (11)
 z - a wand of charming (1)
 E - a wand of flame (18)
Scrolls
 d - 2 scrolls of revelation
 e - a scroll of fear
 h - 2 scrolls of fog
 t - 2 scrolls of enchant armour
 y - a scroll of silence
 A - a scroll of poison
Potions
 i - 3 potions of heal wounds {unknown}
 l - 4 potions of curing {unknown}
 m - a potion of brilliance {unknown}
 p - a potion of enlightenment {unknown}
 q - 2 potions of magic {unknown}
 s - a potion of attraction {unknown}
 v - 2 potions of ambrosia {unknown}
 C - a potion of resistance {unknown}


   Skills:
 * Level 5.8 Fighting
 - Level 2.6 Maces & Flails
 + Level 2.1 Ranged Weapons
 + Level 2.2 Armour
 + Level 3.7 Dodging
 + Level 7.6 Stealth
 * Level 4.1 Spellcasting
 * Level 3.8 Conjurations
 + Level 2.8 Ice Magic
 - Level 2.0 Evocations


You had 13 spell levels left.
You knew the following spells:

 Your Spells              Type           Power      Damage    Failure   Level
a - Hailstorm             Conj/Ice       7%         3d5       32%         3

Your spell library contained the following spells:

 Spells                   Type           Power      Damage    Failure   Level
 Scorch                   Fire           2%         2d5       54%         2
 Lesser Beckoning         Tloc           2%         N/A       54%         2
 Summon Ice Beast         Ice/Summ       4%         N/A       56%         3
 Gell's Gravitas          Tloc           1%         N/A       77%         3
 Teleport Other           Tloc           1%         N/A       77%         3
 Sculpt Simulacrum        Ice/Alch       2%         N/A       100%        6


Dungeon Overview and Level Annotations

Branches:
Dungeon (8/15)             Temple (1/1) D:4
   Lair: D:8-11

Altars:
Ashenzari
Dithmenos
Elyvilon
Fedhas
Gozag
Hepliaklqana
Kikubaaqudgha
Makhleb
Nemelex Xobeh
Qazlal
Ru
Sif Muna
Uskayaw
Vehumet
Xom
Yredelemnul
Zin
The Shining One

Annotations:
D:3 1 runed translucent door, Pargi; wildpjah's ghost, amateur DsGl
D:4 exclusion: downstairs
D:5 2 transporters, exclusion: downstairs, BigPumpCobain's ghost, novice DrSh
D:6 2 runed translucent doors, exclusion: downstairs, Curundu's ghost, novice MiBe; Edmund; Jeremiah
D:7 exclusions: downstairs, 2 sensed monsters (detected) and sky beast


Innate Abilities, Weirdness & Mutations

You cannot be hasted, slowed, berserked, paralysed or teleported.
You can dig through walls and to a lower floor.
You have a pair of large antennae on your head. (SInv)
Your four strong arms can wield two-handed weapons with a shield.


Message History

You feel drained.
You hit Jeremiah.
Jeremiah is heavily wounded.
The butterfly disappears in a burst of colours! x2
Jeremiah hits you with a +3 trident of draining.
You feel drained.
You hit Jeremiah but do no damage.
Jeremiah is heavily wounded.
Jeremiah mumbles a slurred invocation.
Something smites you!
Your +1 dagger of protection {!f =f} goes still.
Your +1 whip of venom begins to drip with poison!
a - a +1 whip of venom (weapon)
Jeremiah barely misses you.
You hit Jeremiah but do no damage.
Jeremiah looks as sick as possible!
Jeremiah is severely wounded.
Your +1 whip of venom stops dripping with poison.
Your +1 dagger of protection {!f =f} hums with potential!
c - a +1 dagger of protection (weapon)
{!f =f} Jeremiah hits you with a +3 trident of draining.
You feel drained.
You puncture Jeremiah!
Your weapon exudes an aura of protection.
Jeremiah is almost dead.
Jeremiah throws their arms up pleadingly.
Something smites you!
* * * LOW HITPOINT WARNING * * *
You barely miss the butterfly.
The butterfly disappears in a burst of colours! x2
Jeremiah hits you with a +3 trident of draining!
* * * LOW HITPOINT WARNING * * *
You feel drained.
* * * LOW HITPOINT WARNING * * *
Okay, then.
Unknown command.
You extend your mandibles.
You dig through the rock wall.
You feel drained.
Jeremiah hits you from afar with a +3 trident of draining!
You die...
Jeremiah says, "O terrible one, your will is done."

### #<# #.# #.# ####.# #{##.#
######## #######.##.##
#......# #bFbb.bb....#
#......# ##b#####{#####
#......##########@b# #.#
#......F..........b# #.#
#########.#################.#
?................>..........#
.......F#.#.#####.#########.#
........#(#.# #.#...# #.#
....b...#.#.# #.#.#.# #.#
.....{..#.#.# #.#.#.# #.#
....b...#.#.# #.#.#.# #.#
........#.#.#####.#.#.#
#.#####
°.......#.#..@....#.#.#
#.....# .########
#######.#.#.# ####.## F#.. {
#...<#.#.########.# .#.#
#.##.#.#.#......#.# §#§#
#.##.#.#.#.####.#.# §§§#
#.##.#.#...# #.#.# §§§#
#.##.#.##### #.#.# ...#
#......# #.#.# ...# ####.###
#.#.#


You could see Jeremiah (extremely poisoned).

Vanquished Creatures
  Grinder (D:6)
  A steam dragon (D:6)
  An ice beast (D:4)
  An ogre (D:5)
  A centaur (D:5)
  A gnoll sergeant (D:6)
  2 scorpions
  A bombardier beetle (D:5)
  A jelly (D:4)
  4 orc priests
  A hound (D:5)
  4 iguanas
  2 sleepcaps (D:6)
  Terence (D:2)
  5 orc wizards
  8 adders
  7 gnolls
  A white imp (D:6)
  A dart slug (D:2)
  3 ribbon worms
  22 orcs
  9 ball pythons
  6 endoplasms
  2 giant cockroaches
  3 goblins
  4 hobgoblins
  4 jackals (D:4)
  5 kobolds
  3 quokkas
  5 bats
  2 frilled lizards (D:2)
  7 rats
119 creatures vanquished.

Notes
Turn   | Place    | Note
-------+----------+-------------------------------------------
     0 | D:5      | petzl the Formicid Delver began the quest for the Orb.
     0 | D:5      | Reached XP level 1. HP: 18/18 MP: 1/1
    44 | D:7      | Noticed a wraith
   181 | D:6      | Noticed Edmund
   222 | D:5      | Noticed a hound
   234 | D:4      | Found a staircase to the Ecumenical Temple.
   240 | Temple   | Entered the Ecumenical Temple
   248 | Temple   | Became a worshipper of Vehumet
   329 | D:4      | Reached XP level 2. HP: 19/24 MP: 2/2
   335 | D:4      | Reached XP level 3. HP: 19/29 MP: 3/3
   417 | D:4      | Noticed an ice beast
   439 | D:4      | Noticed a scorpion
   508 | D:3      | Reached XP level 4. HP: 35/37 MP: 4/4
   512 | D:3      | Noticed a scorpion
   915 | D:1      | Learned a level 3 spell: Hailstorm
  1481 | D:2      | Reached * piety under Vehumet
  1481 | D:2      | Offered knowledge of Freeze by Vehumet.
  1642 | D:2      | Noticed Terence
  1646 | D:2      | Reached XP level 5. HP: 35/42 MP: 5/5
  1656 | D:2      | Killed Terence
  1657 | D:2      | Reached skill level 1 in Spellcasting
  1673 | D:2      | Reached skill level 1 in Conjurations
  2223 | D:2      | Identified the +4 ring mail "Vamurch" {rPois Will+ Int-5
                  | Dex+6}
  2427 | D:3      | Reached skill level 1 in Evocations
  2430 | D:3      | Reached XP level 6. HP: 48/48 MP: 6/8
  2487 | D:3      | Found an opulent altar of Gozag.
  2617 | D:3      | Found a runed translucent door.
  2728 | D:3      | Reached skill level 1 in Ice Magic
  3207 | D:3      | Reached ** piety under Vehumet
  3340 | D:3      | Noticed wildpjah's ghost (amateur DsGl)
  3380 | D:4      | Noticed Pargi
  3400 | D:3      | You fall into a shaft and drop 3 floors!
  3423 | D:6      | Noticed a black bear
  3451 | D:6      | Found a large runed translucent door.
  3451 | D:6      | Found a large runed translucent door.
  3453 | D:6      | Noticed Curundu's ghost (novice MiBe)
  3454 | D:6      | Noticed Grinder
  3468 | D:6      | You fall into a shaft and drop 1 floor!
  3849 | D:7      | Found a blossoming altar of Fedhas.
  3925 | D:7      | Noticed a sky beast
  3961 | D:7      | Reached XP level 7. HP: 50/55 MP: 10/10
  3982 | D:8      | Noticed a yak
  3982 | D:8      | Noticed a yak
  3982 | D:8      | Noticed a yak
  4064 | D:5      | Offered knowledge of Scorch by Vehumet.
  4065 | D:5      | Reached skill level 7 in Stealth
  4101 | D:6      | Noticed Jeremiah
  4827 | D:4      | Reached XP level 8. HP: 44/61 MP: 12/12
  5096 | D:5      | Reached skill level 1 in Ranged Weapons
  5186 | D:5      | Reached skill level 1 in Armour
  5314 | D:5      | Reached skill level 5 in Fighting
  5383 | D:5      | Found a transporter.
  5385 | D:5      | Noticed BigPumpCobain's ghost (novice DrSh)
  5674 | D:5      | Found a transporter.
  5987 | D:6      | Killed Grinder
  5988 | D:6      | Reached XP level 9. HP: 59/69 MP: 14/14
  6254 | D:6      | Slain by Jeremiah

Illustrated notes

Levels and vault maps discovered:
D:1:      scummos_arrival_simple_fountains, layout_loops_ring,
          nicolae_figureground_sparkle
D:2:      layout_loops_ring, minmay_shallow_snake_nest, uniq_terence
D:3:      layout_basic, grunt_gozag_statues, ebering_ghost_reflecting_pool
D:4:      layout_loops_ring, minmay_temple_entry_gardened_gates, corexii_shack,
          nicolae_elevator_lobby_asterisk, uniq_pargi
D:5:      layout_loops_ring, gammafunk_ghost_mausoleum, minmay_misc_feat_iff,
          hangedman_abyss_or_decor_jellyfish_corner,
          nicolae_concentric_dashed_squares_wild
D:6:      cheibrodos_helix_gallery, layout_basic, serial_shops,
          nicolae_shop_pleasant_corner_grove, ebering_ghost_disaster_area,
          uniq_edmund, uniq_grinder, uniq_jeremiah
D:7:      lemuel_slime, layout_loops_ring, mainiacjoe_overflow_catwalk,
          lightli_orcish_oven
D:8:      layout_loops_ring, nicolae_overflow_hidden_temple, uniq_erica
Temple:   lightli_temple_of_artemis

Skill      XL: |  1  2  3  4  5  6  7  8  9 |
---------------+----------------------------+-----
Dodging        | 2 3 |  3.7
Fighting       | 4 5 |  5.8
Spellcasting   | 1 2 3 4 |  4.1
Conjurations   | 1 2 3 |  3.8
Evocations     | 1 2 |  2.0
Ice Magic      | 1 2 |  2.8
Stealth        | 7 |  7.6
Ranged Weapons | 2 |  2.1
Armour         | 2 |  2.2
Maces & Flails | |  2.6

Action                     |  1- 3 |  4- 6 |  7- 9 || total
---------------------------+-------+-------+-------++-------
  Melee: Quarterstaff      |     7 |       |       ||     7
         Whip              |    31 |   210 |    97 ||   338
         Punch             |       |     6 |     1 ||     7
         Dagger            |       |       |     6 ||     6
   Fire: Orcbow            |       |       |    56 ||    56
Ability: Dig               |     1 |     1 |     1 ||     3
         Shaft Self        |       |     2 |       ||     2
  Evoke: Wand              |       |       |     1 ||     1
    Use: Scroll            |       |     3 |     2 ||     5
   Stab: Sleeping          |       |    10 |     2 ||    12
 Armour: Leather armour    |    15 |    42 |       ||    57
         Ring mail         |       |    72 |    65 ||   137
  Dodge: Dodged            |    23 |    84 |    66 ||   173

Table legend: (Time is in decaauts)
 A = Elapsed time spent in this place.
 B = Non-inter-level travel time spent in this place.
 C = Inter-level travel time spent in this place.
 D = Time resting spent in this place.
 E = Time spent auto-exploring this place.
 F = Levels seen in this place.
 G = Mean time per level.
                   A        B        C        D        E       F      G
               +--------+--------+--------+--------+--------+-----+--------+
         Total |   6257 |   5887 |    370 |   1049 |   3271 |   9 |  695.2 |
       Dungeon |   6240 |   5885 |    355 |   1049 |   3271 |   8 |  780.0 |
        Temple |     16 |      1 |     15 |      0 |      0 |   1 |   16.0 |
               +--------+--------+--------+--------+--------+-----+--------+

Top non-repeatable levels by time:
     D:4: 1245 daAuts
     D:3: 1127 daAuts
     D:2: 964 daAuts
     D:5: 940 daAuts
     D:1: 797 daAuts
     D:6: 632 daAuts
     D:7: 531 daAuts
  Temple: 16 daAuts
     D:8: 1 daAuts
